 Dungeon Crawl Stone Soup version 0.32-a0-597-g8e3e136d6a (webtiles) character file.

Game seed: 949850615087569572

1528 snarfax the Chopper (level 8, -2/71 HPs)
             Began as a Mountain Dwarf Fighter on Mar 2, 2024.
             Was an Initiate of Elyvilon.
             Slain by an iguana (5 damage)
             ... on level 6 of the Dungeon.
             The game lasted 00:06:58 (4438 turns).

snarfax the Chopper (Mountain Dwarf Fighter)        Turns: 4438, Time: 00:06:59

Health: -2/71      AC: 18    Str: 21    XL:     8   Next: 55%
Magic:  8/8        EV:  8    Int:  9    God:    Elyvilon [......]
Gold:   215        SH:  6    Dex:  9    Spells: 7/7 levels left

rFire   . . .        t - +1 war axe (heavy)
rCold   . . .        c - +1 buckler
rNeg    . . .        h - +0 chain mail
rPois   +            (no helmet)
rElec   .            i - +0 cloak
rCorr   .            g - +0 pair of gloves
SInv    .            w - +0 pair of boots
Will    .....        q - amulet of faith Stlth
                     s - +4 ring of protection
HPRegen 0.31/turn    n - ring of poison resistance
MPRegen 0.11/turn

%: faith
@: mighty, on fire, glowing
A: runic magic, artefact enchanting
a: Renounce Religion


You were on level 6 of the Dungeon.
You worshipped Elyvilon.
Elyvilon was noncommittal.
You visited 2 branches of the dungeon, and saw 7 of its levels.

You collected 215 gold pieces.

Inventory:

Hand Weapons
 a - a +0 war axe
 t - a +1 heavy war axe (weapon)
Armour
 c - a +1 buckler (worn)
 g - a +0 pair of gloves (worn)
 h - a +0 chain mail (worn)
 i - a +0 cloak (worn)
 w - a +0 pair of boots (worn)
Jewellery
 j - an amulet of magic regeneration
 n - a ring of poison resistance (right hand)
 q - an amulet of faith (around neck)
 s - a +4 ring of protection (left hand)
Wands
 p - a wand of roots (10)
Scrolls
 o - 3 scrolls of teleportation
 u - a scroll of revelation
Potions
 b - a potion of invisibility {unknown}
 d - 3 potions of might
 f - 2 potions of enlightenment
 k - 2 potions of brilliance
 r - a potion of haste {unknown}


   Skills:
 + Level 6.7 Fighting
 + Level 6.8 Axes
 + Level 6.7 Armour
 + Level 6.7 Shields


You had 7 spell levels left.
You didn't know any spells.
Your spell library contained the following spells:

 Spells                   Type           Power      Damage    Failure   Level
 Magic Dart               Conj           0%         1d3       58%         1
 Mercury Vapours          Alch/Air       0%         N/A       75%         2
 Searing Ray              Conj           0%         2d4       75%         2
 Call Canine Familiar     Summ           0%         N/A       92%         3
 Mephitic Cloud           Conj/Alch/Air  0%         N/A       92%         3
 Sigil of Binding         Hex            0%         N/A       92%         3
 Summon Ice Beast         Ice/Summ       0%         N/A       92%         3
 Dimensional Bullseye     Hex/Tloc       0%         N/A       100%        4
 Fulminant Prism          Conj/Alch      0%         3d5       100%        4
 Leda's Liquefaction      Alch/Erth      0%         N/A       100%        4
 Freezing Cloud           Conj/Ice/Air   0%         6-21      100%        5
 Lee's Rapid Deconstruct  Erth           0%         3d4*      100%        5
 Summon Mana Viper        Hex/Summ       0%         N/A       100%        5
 Bombard                  Conj/Erth      0%         9d1       100%        6
 Monstrous Menagerie      Summ           0%         N/A       100%        7


Dungeon Overview and Level Annotations

Branches:
Dungeon (6/15)             Temple (1/1) D:5

Altars:
Ashenzari
Cheibriados
Dithmenos
Elyvilon
Fedhas
Gozag
Hepliaklqana
Kikubaaqudgha
Makhleb
Okawaru
Qazlal
Ru
Sif Muna
Trog
Uskayaw
Vehumet
Wu Jian
Xom
Zin
The Shining One

Annotations:
Temple 2 transporters


Innate Abilities, Weirdness & Mutations

Your spellcasting is much less encumbered by armour.
You can use scrolls of enchantment on lesser artefacts.


Message History

You block the iguana's attack.
The iguana bites you but does no damage.
You slice the iguana!!
You kill the iguana!
You slash the white imp! The liquid fire burns you!
* * * LOW HITPOINT WARNING * * *
The sentinel's mark upon you fades away.
The white imp shouts, "Remove thy stench, thou peaked boodle-bothering reprobate!"
The white imp gestures at you. The puff of frost hits you.
* * * LOW HITPOINT WARNING * * *
The white imp gestures at you. The puff of frost hits you.
* * * LOW HITPOINT WARNING * * *
An iguana comes into view.
You block the orc's attack.
You feel better. The liquid fire burns you!
* * * LOW HITPOINT WARNING * * *
The white imp barely misses you. The orc hits you with a +0 flail.
* * * LOW HITPOINT WARNING * * *
You slash the orc!
You kill the orc!
You closely miss the white imp. The liquid fire burns you!
* * * LOW HITPOINT WARNING * * *
A giant cockroach comes into view.
The white imp closely misses you. The white imp gestures at you.
The puff of frost hits you but does no damage.
A black bear comes into view.
The giant cockroach moves out of view.
You feel better. The liquid fire burns you!
* * * LOW HITPOINT WARNING * * *
The white imp gestures at you.
The puff of frost hits you but does no damage.
The iguana bites you.
You die...

#.. #.# #<# #.#
#.# #.# #.#
#.#.##.#######.#
#......l@5.l...#
###.............
############h#


You could see a black bear, 2 iguanas and a white imp.

Vanquished Creatures
  A water moccasin (D:5)
  An ice beast (D:6)
  A black bear (D:5)
  2 ogres (D:5)
  2 phantoms
  A centaur (D:5)
  3 scorpions
  Blork the orc (D:4)
  2 bombardier beetles
  5 hounds
  2 jellies (D:5)
  2 orc priests
  4 iguanas
  Ijyb (D:3)
  7 adders
  A shadow imp (D:5)
  3 ribbon worms
  2 dart slugs
  12 orcs
  4 ball pythons
  4 endoplasms
  2 goblins
  3 hobgoblins
  2 jackals (D:2)
  3 quokkas
  5 bats
  A frilled lizard (D:2)
  9 kobolds
  4 rats
90 creatures vanquished.

Notes
Turn   | Place    | Note
-------+----------+-------------------------------------------
     0 | D:1      | snarfax the Mountain Dwarf Fighter began the quest for the
                  | Orb.
     0 | D:1      | Reached XP level 1. HP: 19/19 MP: 1/1
   212 | D:1      | Found a faded altar of an unknown god.
   817 | D:2      | Reached XP level 2. HP: 26/26 MP: 2/2
   962 | D:2      | Found a burning altar of Makhleb.
  1764 | D:3      | Reached XP level 3. HP: 33/33 MP: 3/3
  2033 | D:3      | Reached XP level 4. HP: 30/40 MP: 4/4
  2342 | D:3      | Noticed Ijyb
  2355 | D:3      | Killed Ijyb
  2684 | D:4      | Reached XP level 5. HP: 46/46 MP: 5/5
  2810 | D:4      | Noticed Blork the orc
  2822 | D:4      | Killed Blork the orc
  2823 | D:4      | Reached XP level 6. HP: 16/53 MP: 6/6
  3332 | D:4      | Reached skill level 5 in Shields
  3523 | D:5      | Entered Level 5 of the Dungeon
  3535 | D:5      | Reached skill level 5 in Fighting
  3535 | D:5      | Reached skill level 5 in Armour
  3575 | D:5      | Reached skill level 5 in Axes
  3575 | D:5      | Reached XP level 7. HP: 60/61 MP: 7/7
  3738 | D:5      | Found a shimmering altar of Xom.
  3926 | D:5      | Reached XP level 8. HP: 66/70 MP: 8/8
  3950 | D:5      | Found a sacrificial altar of Ru.
  4335 | D:5      | Found a staircase to the Ecumenical Temple.
  4344 | Temple   | Found a transporter.
  4344 | Temple   | Found a transporter.
  4344 | Temple   | Found a transporter.
  4344 | Temple   | Found a transporter.
  4344 | Temple   | Entered the Ecumenical Temple
  4360 | Temple   | Became a worshipper of Elyvilon the Healer
  4435 | D:6      | HP: 2/71 [white imp/puff of frost (4)]
  4438 | D:6      | Slain by an iguana

Illustrated notes

Levels and vault maps discovered:
D:1:      eino_arrival_tree_alley, layout_loops_ring, basic_ecumenical_altar,
          minmay_misc_feat_nine_boxes
D:2:      layout_loops_corners, basic_altar, minivault_24
D:3:      layout_loops_corners, st_stairs_7, uniq_ijyb
D:4:      layout_basic, chequers_serial_rivers_large_a, uniq_blork_the_orc
D:5:      minmay_octagon_keep, layout_gridville,
          nicolae_ru_sacrificial_ziggurat, nicolae_overflow_hidden_temple,
          lemuel_temple_firewalk_a
D:6:      layout_loops_ring, mainiacjoe_overflow_paths, portal_sewer_entry_b,
          uniq_duvessa, uniq_crazy_yiuf_cottage
Temple:   hellmonk_temple_divided_pantheon

Skill      XL: |  1  2  3  4  5  6  7 |
---------------+----------------------+-----
Axes           | 3 4 5 6 |  6.8
Shields        | 4 5 6 |  6.7
Fighting       | 4 5 6 |  6.7
Armour         | 4 5 6 |  6.7

Action                     |  1- 3 |  4- 6 |  7- 9 || total
---------------------------+-------+-------+-------++-------
  Melee: War axe           |    98 |   108 |    63 ||   269
    Use: Scroll            |     4 |     3 |     4 ||    11
         Potion            |       |     2 |     4 ||     6
 Armour: Scale mail        |    18 |       |       ||    18
         Chain mail        |    87 |    90 |   112 ||   289
  Dodge: Dodged            |    50 |    41 |    44 ||   135
  Block: Buckler           |    20 |    29 |    35 ||    84

Table legend: (Time is in decaauts)
 A = Elapsed time spent in this place.
 B = Non-inter-level travel time spent in this place.
 C = Inter-level travel time spent in this place.
 D = Time resting spent in this place.
 E = Time spent auto-exploring this place.
 F = Levels seen in this place.
 G = Mean time per level.
                   A        B        C        D        E       F      G
               +--------+--------+--------+--------+--------+-----+--------+
         Total |   4598 |   4480 |    118 |     15 |   3684 |   7 |  656.9 |
       Dungeon |   4567 |   4475 |     92 |     15 |   3684 |   6 |  761.2 |
        Temple |     30 |      4 |     26 |      0 |      0 |   1 |   30.0 |
               +--------+--------+--------+--------+--------+-----+--------+

Top non-repeatable levels by time:
     D:4: 1051 daAuts
     D:5: 918 daAuts
     D:2: 909 daAuts
     D:3: 903 daAuts
     D:1: 749 daAuts
     D:6: 35 daAuts
  Temple: 30 daAuts
